Map: Nightshade LE

Players

TSGSolar (Solar)

  • Race: Zerg Zerg
  • Spawn Location: 5:00

Serral - Winner!

  • Race: Zerg Zerg
  • Spawn Location: 11:00

Event: StayAtHomestory Cup #1

VOD

Have the link to the VOD?

Description

Time

  • Played on: April 11, 2020, 3:20 p.m.
  • Length: 5:48

All games in this series

Show
View Real Time Build Order
Export as new Build Order

TSGSolar Zerg 

Build Orders: Hatch First 

Get SALT Encoding   

  12  0:01  Drone  
  13  0:12  Overlord  
  13  0:17  Drone  
  14  0:31  Drone x2  
  16  0:47  Hatchery  
  15  0:51  Drone  
  15  0:54  Drone  
  17  0:57  Drone  
  18  1:09  Extractor  
  17  1:13  Spawning Pool  
  17  1:15  Drone  
  17  1:19  Drone  
  18  1:28  Drone  
  19  1:39  Drone  
  20  1:51  Overlord  
  20  1:59  Queen x2  
  24  2:04  Drone x2  
  26  2:09  Metabolic Boost  
  26  2:11  Drone  
  26  2:12  Drone  
  28  2:22  Drone x2  
  30  2:34  Hatchery  
  30  2:36  Drone  
  30  2:39  Drone  
  31  2:45  Baneling Nest  
  31  2:46  Zergling x2  
  31  2:52  Overlord  
  31  2:56  Queen  
  33  2:59  Drone  
  33  3:02  Drone  
  35  3:05  Zergling x2  
  35  3:12  Zergling x6  
  39  3:15  Drone x2  
  39  3:17  Drone  
  39  3:19  Drone  
  43  3:23  Evolution Chamber  
  43  3:24  Drone  
  43  3:29  Overlord  
  43  3:32  Baneling  
  43  3:33  Zergling x2  
  44  3:46  Drone x6  
  49  3:51  Overlord  
  49  3:53  Zerg Missile Weapons Level 1  
  49  3:57  Drone x2  
  51  4:03  Drone  
  51  4:06  Drone x2, Roach Warren  
  51  4:08  Drone  
  54  4:13  Drone x4  
  54  4:15  Drone  
  59  4:20  Lair  
  59  4:22  Extractor  
  59  4:23  Extractor, Drone  
  58  4:25  Overlord  
  58  4:27  Drone  
  58  4:29  Drone  
  58  4:31  Drone  
  61  4:33  Drone x2  
  61  4:34  Drone  
  61  4:37  Overlord  
  64  4:39  Drone  
  64  4:42  Drone  
  64  4:44  Drone x3  
  64  4:45  Drone  
  70  4:47  Drone x2  
  70  4:49  Baneling  
  70  4:50  Zergling x2  
  70  4:51  Zergling x2  
  74  4:55  Overlord  
  74  4:58  Overlord  
  74  4:59  Drone  
  74  5:00  Drone  
  74  5:03  Baneling  
  74  5:04  Extractor  
  74  5:05  Spine Crawler  
  74  5:06  Extractor  
  74  5:07  Roach  
  74  5:11  Roach x2  
  74  5:13  Roach  
  74  5:14  Roach x2  
  83  5:16  Spine Crawler  
  83  5:17  Roach  
  83  5:19  Roach  
  87  5:24  Roach  
  87  5:25  Roach  
  87  5:28  Roach x2  
Show
View Real Time Build Order
Export as new Build Order

Serral Zerg - Winner!

Build Orders: Hatch First 

Get SALT Encoding   

  12  0:00  Drone  
  13  0:12  Overlord  
  13  0:17  Drone  
  14  0:31  Drone x2  
  16  0:48  Hatchery  
  15  0:52  Drone  
  15  0:55  Drone  
  17  0:58  Drone  
  18  1:09  Extractor  
  17  1:13  Spawning Pool  
  17  1:16  Drone  
  17  1:20  Drone  
  18  1:28  Drone  
  19  1:39  Drone  
  20  1:50  Drone  
  21  2:00  Queen x2, Overlord  
  25  2:01  Zergling x2  
  26  2:10  Metabolic Boost  
  26  2:12  Drone  
  26  2:13  Drone  
  28  2:22  Drone x2  
  30  2:36  Hatchery, Drone  
  30  2:39  Drone  
  31  2:45  Baneling Nest  
  31  2:47  Drone  
  31  2:50  Overlord  
  31  2:54  Drone  
  31  2:55  Drone  
  33  3:05  Zergling x2  
  34  3:06  Drone  
  34  3:08  Drone  
  34  3:11  Zergling x4  
  34  3:12  Drone x2  
  40  3:16  Overlord  
  40  3:20  Zergling x2  
  40  3:26  Queen  
  41  3:28  Evolution Chamber  
  41  3:31  Zergling x2  
  43  3:34  Drone  
  43  3:35  Drone  
  43  3:36  Baneling  
  43  3:39  Drone x3  
  48  3:48  Roach Warren  
  48  3:49  Extractor, Drone  
  48  3:51  Drone  
  48  3:54  Drone x2  
  50  4:01  Overlord  
  49  4:07  Zergling x2, Overlord  
  49  4:09  Overlord  
  50  4:25  Roach Warren  
  50  4:28  Roach  
  50  4:29  Roach x4  
  60  4:32  Roach x4  
  60  4:36  Roach x2  
  72  4:41  Roach x2  
  72  4:45  Overlord  
  76  4:48  Overlord  
  76  4:50  Zergling x2  
  76  4:51  Zergling x2  
  78  4:58  Zergling x8  
  81  5:01  Baneling x2  
  81  5:04  Zergling x2  
  81  5:05  Zergling x4  
  84  5:12  Zergling x10  
  88  5:14  Baneling x3  
  88  5:15  Baneling  
  88  5:16  Baneling  
  88  5:17  Baneling x2  
  88  5:29  Zergling x14  
Tags
 
Add a new tag
Caveats
  • Supply blocks, unpowered buildings, or Contaminate may cause inaccurate times.
  • Supply counts are checked every 10 seconds.